 Dungeon Crawl Stone Soup version 0.24.1-14-gf8d2b509d9 (webtiles) character file.

Game seed: 18171945374031463552, levelgen mode: deterministic

280 Hugehornet the Chopper (level 6, -1/37 HPs)
             Began as a Gargoyle Fighter on May 25, 2020.
             Killed by divine providence
             ... invoked by an orc priest
              (10 damage)
             ... on level 4 of the Dungeon.
             The game lasted 00:04:34 (2698 turns).

Hugehornet the Chopper (Gargoyle Fighter)           Turns: 2698, Time: 00:04:36

Health: -1/37      AC: 11    Str: 19    XL:     6   Next: 27%
Magic:  6/6        EV:  7    Int: 11    God:
Gold:   156        SH:  9    Dex:  9    Spells: 5/5 levels left

rFire    . . .     SeeInvis .   a - +0 war axe
rCold    . . .     Gourm    .   c - +0 shield
rNeg     + + .     Faith    .   b - +0 scale mail
rPois    ∞         Spirit   .   (no helmet)
rElec    +         Reflect  .   (no cloak)
rCorr    .         Harm     .   (no gloves)
MR       .....                  (no boots)
Stlth    ..........             (no amulet)
HPRegen  0.12/turn              n - ring of positive energy
MPRegen  0.10/turn              (no ring)

@: no status effects
A: negative energy resistance 1, electricity resistance, unbreathing,
petrification resistance, rot immunity, AC +4
a: no special abilities


You were on level 4 of the Dungeon.
You were not hungry.

You visited 1 branch of the dungeon, and saw 4 of its levels.

You collected 156 gold pieces.

Inventory:

Hand Weapons
 a - a +0 war axe (weapon)
 k - a +0 morningstar
 q - a +0 trident
Armour
 b - a +0 scale mail (worn)
 c - a +0 shield (worn)
 l - a cursed +0 plate armour
Jewellery
 n - a ring of positive energy (left hand)
Wands
 p - a wand of enslavement (8)
Scrolls
 g - 3 scrolls of remove curse
 i - a scroll of fog
 j - a scroll of amnesia {unknown}
 m - 2 scrolls of teleportation
 r - a scroll of immolation {unknown}
Potions
 d - 2 potions of might
 e - a potion of degeneration
 o - a potion of brilliance
Comestibles
 f - 7 rations
 h - 5 chunks of flesh


   Skills:
 - Level 3.2 Fighting
 + Level 5.8 Axes
 - Level 3.2 Armour
 - Level 3.2 Shields


You had 5 spell levels left.
You didn't know any spells.
Your spell library was empty.

Dungeon Overview and Level Annotations

Branches:
Dungeon (4/15)
 Temple: D:4-7

Altars:
Nemelex Xobeh
Qazlal
Wu Jian
The Shining One


Innate Abilities, Weirdness & Mutations

You are resistant to torment.
Your stone body is resilient. (AC +4)
You are immune to poison.
You resist negative energy. (rN+)
You are resistant to electric shocks. (rElec)
You can survive without breathing.
You are immune to petrification.
You are immune to rotting.


Message History

Something hits you but does no damage.
An orc comes into view. It is wielding a +0 flail.
The orc shouts!
You slash the ogre!
The ogre is moderately wounded.
You slash something!
Reactivating autopickup.
You feel a bit more experienced.
You hear a shout!
You block the ogre's attack.
An orc priest comes into view. It is wielding a -1 short sword.
An orc comes into view. It is wielding a +0 mace.
Your shield prevents you from hitting the ogre.
The ogre is moderately wounded.
The orc shouts!
You hear a shout!
The ogre hits you with a +0 giant club!!
* * * LOW HITPOINT WARNING * * *
The orc priest mumbles some strange prayers to Beogh against you.
Beogh smites you!
You die...

.. #o #.# #. . # #..#.. .
#..#. #.... .o# .#.....
#..#####.o.#
...##..###..#)o....#
............@O# ...
#.....##......## ....
...<...........## #....
...........###..## ....
...........###...###...#
............##...#.#..#
..(.................#.#...
..............†.).<..^....
.....................#....


You could see an ogre, 2 orc priests and 2 orcs.

Vanquished Creatures
  An ogre (D:4)
  An orc wizard (D:4)
  A gnoll (D:2)
  7 adders
  An ooze (D:2)
  3 worms (D:2)
  4 dart slugs
  4 orcs
  6 giant cockroaches
  9 goblins
  8 hobgoblins
  8 jackals
  4 kobolds
  3 ball pythons
  5 bats
  6 frilled lizards
  10 rats
81 creatures vanquished.

Notes
Turn   | Place    | Note
-------+----------+-------------------------------------------
     0 | D:1      | Hugehornet the Gargoyle Fighter began the quest for the
                  | Orb.
     0 | D:1      | Reached XP level 1. HP: 14/14 MP: 1/1
    38 | D:1      | Reached skill level 2 in Axes
   144 | D:1      | Reached XP level 2. HP: 17/19 MP: 2/2
   806 | D:1      | Reached skill level 3 in Axes
   859 | D:1      | Reached XP level 3. HP: 23/23 MP: 3/3
  1251 | D:2      | Found a stormy altar of Qazlal.
  1253 | D:2      | Noticed a water elemental
  1254 | D:2      | Noticed an air elemental
  1254 | D:2      | Noticed an earth elemental
  1254 | D:2      | Noticed a fire elemental
  1407 | D:2      | Reached XP level 4. HP: 25/28 MP: 4/4
  1510 | D:2      | Reached skill level 4 in Axes
  1513 | D:2      | Found a sparkling altar of Nemelex Xobeh.
  2061 | D:2      | Reached XP level 5. HP: 32/32 MP: 5/5
  2157 | D:3      | Found an ornate altar of the Wu Jian Council.
  2245 | D:3      | Found a glowing golden altar of the Shining One.
  2410 | D:3      | Reached skill level 5 in Axes
  2627 | D:4      | Noticed an ogre
  2638 | D:4      | Killed an ogre
  2638 | D:4      | Reached XP level 6. HP: 34/37 MP: 6/6
  2698 | D:4      | Killed from afar by an orc priest

Levels and vault maps discovered:
D:1:      minmay_arrival_semitransparent, layout_basic, grunt_decor_arrowhead
D:2:      minmay_chambers_of_ones, layout_loops_ring,
          nicolae_qazlal_style_of_elements, first_ration,
          nemelex_dance_club_becter
D:3:      layout_rooms, overflow_temple_1_default, lemuel_round_altar
D:4:      layout_cave_pools, minmay_overflow_temple_hex, uniq_sigmund

Skill      XL: |  1  2  3  4  5 |
---------------+----------------+-----
Axes           | 2 3 4 5 |  5.8
Fighting       | |  3.2
Armour         | |  3.2
Shields        | |  3.2

Action                   |  1- 3 |  4- 6 || total
-------------------------+-------+-------++-------
Melee: War axe           |   119 |   157 ||   276
  Use: Scroll            |       |     6 ||     6
       Potion            |       |     2 ||     2
  Eat: Chunk             |     2 |     4 ||     6
Armor: Scale mail        |    57 |    72 ||   129
Dodge: Dodged            |    31 |    51 ||    82
Block: Shield            |    76 |    71 ||   147
